 Dungeon Crawl Stone Soup version 0.27-a0-797-g27d10ad80f (webtiles) character file.

Game seed: 15115421069087484034

46 polve the Slasher (level 3, -1/29 HPs)
             Began as a Demonspawn Abyssal Knight on Mar 27, 2021.
             Was a Follower of Lugonu.
             Slain by a rat (3 damage)
             ... on level 2 of the Dungeon.
             The game lasted 00:00:53 (1434 turns).

polve the Slasher (Demonspawn Abyssal Knight)       Turns: 1434, Time: 00:00:53

Health: -1/29      AC:  3    Str: 12    XL:     3   Next: 44%
Magic:  4/4        EV: 11    Int: 14    God:    Lugonu [*.....]
Gold:   15         SH:  4    Dex: 12    Spells: 2/2 levels left

rFire    . . .     SeeInvis .   a - +1 falchion
rCold    . . .     Faith    .   (no shield)
rNeg     . . .     Spirit   .   b - +0 leather armour
rPois    .         Reflect  .   (no helmet)
rElec    .         Harm     .   (no cloak)
rCorr    .         Rampage  .   (no gloves)
Will     .....                  (no boots)
Stlth    +.........             (no amulet)
HPRegen  0.09/turn              (no ring)
MPRegen  0.09/turn              (no ring)

@: no status effects
A: claws 1, condensation shield
a: Renounce Religion, Depart the Abyss


You were on level 2 of the Dungeon.
You worshipped Lugonu.
Lugonu was aware of your devotion.
You visited 1 branch of the dungeon, and saw 2 of its levels.
You visited the Abyss 1 time.

You collected 15 gold pieces.

Inventory:

Hand Weapons
 a - a +1 falchion (weapon)
Armour
 b - a +0 leather armour (worn)
Scrolls
 c - a scroll of noise {unknown}
 d - a scroll of enchant armour {unknown}
 f - a scroll of enchant weapon {unknown}
 g - a scroll of amnesia {unknown}
 i - a scroll of magic mapping {unknown}
Potions
 e - a potion of resistance {unknown}
 h - a potion of mutation {unknown}


   Skills:
 - Level 3.0 Fighting
 - Level 3.2 Long Blades
 - Level 1.7 Armour
 - Level 0.8 Dodging
 + Level 1.2 Unarmed Combat
 - Level 2.4 Invocations


You had 2 spell levels left.
You didn't know any spells.
Your spell library was empty.

Dungeon Overview and Level Annotations

Branches:
Dungeon (2/15)

Altars:

Shops:
D:1 =


Innate Abilities, Weirdness & Mutations

You have sharp fingernails.
A meltable shield of frost defends you. (SH +4)


Message History

Lugonu accepts your kill. The bat hits you but does no damage.
The rat bites you but does no damage. The bat hits you but does no damage.
You block the rat's attack. The bat closely misses you.
The rat barely misses you. The bat hits you. The rat bites you.
The bat hits you but does no damage. You block the bat's attack.
The rat closely misses you. The bat hits you but does no damage.
The rat bites you. The bat hits you but does no damage. The rat bites you.
The rat closely misses you. The bat barely misses you.
The bat hits you but does no damage. The rat bites you. The rat bites you.
* * * LOW HITPOINT WARNING * * *
The bat hits you.
* * * LOW HITPOINT WARNING * * *
The bat completely misses you. The rat closely misses you.
You riposte.
You hit the rat.
The rat is severely wounded.
The bat hits you but does no damage. The bat misses you.
The rat closely misses you.
You riposte.
You barely miss the rat.
The rat is severely wounded.
The bat hits you but does no damage. The rat closely misses you.
The rat barely misses you. The bat barely misses you.
The bat barely misses you. The bat hits you but does no damage.
The rat bites you.
* * * LOW HITPOINT WARNING * * *
The bat closely misses you. The rat bites you but does no damage.
The bat hits you.
* * * LOW HITPOINT WARNING * * *
The bat hits you but does no damage. You block the rat's attack.
The bat completely misses you. The rat misses you. You block the rat's attack.
The bat barely misses you. You block the bat's attack. The rat bites you.
* * * LOW HITPOINT WARNING * * *
The rat bites you.
* * * LOW HITPOINT WARNING * * *
You block the bat's attack. The bat completely misses you.
The rat bites you but does no damage. The bat barely misses you.
The rat closely misses you. You block the bat's attack. The rat bites you.
You die...

#..... #.... .. #.....
##.#.. .# #..... ...)..
.. #..... ......##.
#..... ..<...... #....)
........##### #.....
......r)#... ##....
#.#'#.@#.##########....
#......................
####..b.......##..#....
#..........##.......
#..........#####....
#..........# #####
############


You could see a bat and a rat.

Vanquished Creatures
  A worm (D:2)
  3 ball pythons (D:1)
  An endoplasm (D:1)
  4 giant cockroaches
  4 goblins
  4 hobgoblins (D:1)
  7 jackals
  A quokka (D:1)
  3 bats (D:2)
  4 frilled lizards
  A kobold (D:2)
  5 rats
38 creatures vanquished.

Notes
Turn   | Place    | Note
-------+----------+-------------------------------------------
     0 | Abyss:1  | polve the Demonspawn Abyssal Knight began the quest for the
                  | Orb.
     0 | Abyss:1  | Reached XP level 1. HP: 18/18 MP: 2/2
    18 | Abyss:1  | Noticed a large abomination
    19 | D:1      | Escaped the Abyss
   167 | D:1      | Reached * piety under Lugonu
   323 | D:1      | Gained mutation: A meltable shield of frost defends you.
                  | (SH +4) [demonic ancestry]
   323 | D:1      | Reached XP level 2. HP: 22/24 MP: 3/3
   404 | D:1      | Found Femeikoog's Jewellery Shoppe.
   989 | D:1      | Gained mutation: You have sharp fingernails. [demonic
                  | ancestry]
   989 | D:1      | Reached XP level 3. HP: 29/29 MP: 4/4
  1085 | D:1      | You fall into a shaft and drop 1 floor!
  1303 | D:2      | Reached skill level 1 in Unarmed Combat
  1434 | D:2      | Slain by a rat

Illustrated notes

Levels and vault maps discovered:
D:1:      elethiomel_arrival_shortcut, layout_rooms, serial_shops, shop,
          serial_co_window_serial, co_window_of_opportunity_a,
          co_window_cross_1, co_window_of_opportunity_a, co_window_paths_b,
          co_window_paths_a, co_window_broadway_a, co_window_of_opportunity_b,
          co_window_broadway_a, co_window_broadway_c, glass_columns_a,
          glass_columns_a, minmay_unequal
D:2:      layout_basic, uniq_jessica

Skill      XL: |  1  2  3 |
---------------+----------+-----
Long Blades    | 2 3 |  3.2
Unarmed Combat | 1 |  1.2
Fighting       | |  3.0
Armour         | |  1.7
Dodging        | |  0.8
Invocations    | |  2.4

Action                   || total
-------------------------++-------
Melee: Falchion          ||   107
Invok: Depart the Abyss  ||     1
Armor: Leather armour    ||    43
Dodge: Dodged            ||    93
Block: Other             ||    22
       Rpst.: Falchion   ||    28

Table legend: (Time is in decaauts)
 A = Elapsed time spent in this place.
 B = Non-inter-level travel time spent in this place.
 C = Inter-level travel time spent in this place.
 D = Time resting spent in this place.
 E = Time spent auto-exploring this place.
 F = Levels seen in this place.
 G = Mean time per level.
                   A        B        C        D        E       F      G
               +--------+--------+--------+--------+--------+-----+--------+
         Total |   1450 |   1450 |      0 |      0 |   1220 |   3 |  483.3 |
       Dungeon |   1431 |   1431 |      0 |      0 |   1202 |   2 |  715.5 |
         Abyss |     19 |     19 |      0 |      0 |     18 |   1 |   19.0 |
               +--------+--------+--------+--------+--------+-----+--------+

Top non-repeatable levels by time:
     D:1: 1076 daAuts
     D:2: 355 daAuts
 Abyss:1: 19 daAuts
